 Dungeon Crawl Stone Soup version 0.31-a0-986-g5e6e4ef867 (webtiles) character file.

Game seed: 7991113589377076994

61301 Lobster4 the Destroyer (level 15, -10/108 HPs)
             Began as a Human Conjurer on Nov 24, 2023.
             Was a High Priest of Sif Muna.
             Drowned by a quicksilver ooze (13 damage)
             ... in an ice cave on Nov 25, 2023.
             The game lasted 01:38:14 (25571 turns).

Lobster4 the Destroyer (Human Conjurer)            Turns: 25571, Time: 01:38:15

Health: -10/108    AC: 15    Str: 11    XL:     15   Next: 41%
Magic:  0/29       EV: 13    Int: 29    God:    Sif Muna [*****.]
Gold:   2511       SH:  0    Dex: 13    Spells: 14/35 levels left

rFire   + . .        P - +1 longbow (flame)
rCold   + . .        (shield currently unavailable)
rNeg    . . .        n - +2 robe {rC+ rF+}
rPois   +            u - +2 helmet
rElec   .            M - +1 cloak
rCorr   +            r - +1 pair of gloves
SInv    .            s - +1 pair of boots
Will    +....        D - amulet of magic regeneration
Stlth   ++           h - ring "Putsuna" {rCorr Int+8}
HPRegen 0.38/turn    d - ring of poison resistance
MPRegen 0.61/turn

%: no passive effects
@: engulfed (cannot breathe), studying 2 skills, invisible
A: no striking features
a: Renounce Religion, Channel Magic, Forget Spell, Divine Exegesis


You were in an ice cave.
You worshipped Sif Muna.
Sif Muna was extremely pleased with you.
You visited 4 branches of the dungeon, and saw 20 of its levels.
You also visited: Sewer, Bailey and Ice Cave.

You collected 2511 gold pieces.

Inventory:

Hand Weapons
 a - a +3 dagger of electrocution
 C - the +2 mace "Qefilir" {holy, rN+}
   (You found it on level 7 of the Dungeon)

   rN+:       It protects you from negative energy.
 P - a +1 longbow of flaming (weapon)
Missiles
 m - 65 poisoned darts
 G - 4 curare-tipped darts
Armour
 n - a +2 robe of resistance (worn)
 r - a +1 pair of gloves (worn)
 s - a +1 pair of boots (worn)
 u - a +2 helmet (worn)
 M - a +1 cloak (worn)
 Y - +0 steam dragon scales
Jewellery
 c - a ring of positive energy
 d - a ring of poison resistance (right hand)
 h - the ring "Putsuna" (left hand) {rCorr Int+8}
   (You found it on level 3 of the Dungeon)

   [ring of resist corrosion]

   Int+8:     It affects your intelligence (+8).
   rCorr:     It protects you from acid and corrosion.
 t - an amulet of reflection
 v - a ring of ice
 D - an amulet of magic regeneration (around neck)
Wands
 k - a wand of mindburst (33)
 w - a wand of paralysis (11)
 F - a wand of roots (14)
 N - a wand of polymorph (8)
 U - a wand of flame (9)
 W - a wand of digging (8)
Scrolls
 e - 10 scrolls of teleportation
 f - 2 scrolls of enchant armour
 i - 2 scrolls of fear
 z - 3 scrolls of brand weapon
 E - 2 scrolls of blinking
 I - 2 scrolls of enchant weapon
 J - 4 scrolls of identify
 L - a scroll of amnesia
 O - 2 scrolls of poison
 R - 2 scrolls of revelation
 X - 2 scrolls of fog
 Z - a scroll of silence
Potions
 b - a potion of lignification {unknown}
 g - 2 potions of curing
 j - 6 potions of mutation
 l - a potion of cancellation
 p - 3 potions of might
 B - 3 potions of brilliance
 H - 3 potions of haste
 K - 2 potions of magic
 Q - 2 potions of invisibility
 V - 4 potions of attraction


   Skills:
 + Level 7.3 Fighting
 + Level 4.1 Ranged Weapons
 - Level 2.0 Throwing
 - Level 10.1 Armour
 + Level 5.0 Dodging
 - Level 2.0 Stealth
 + Level 10.6 Spellcasting
 + Level 12.1 Conjurations
 - Level 5.0 Translocations
 + Level 3.7 Ice Magic
 + Level 4.6 Air Magic
 - Level 5.0 Poison Magic
 + Level 6.5 Invocations
 - Level 3.0 Evocations
 + Level 9.5 Shapeshifting


You had 14 spell levels left.
You knew the following spells:

 Your Spells              Type           Power      Damage    Failure   Level
a - Magic Dart            Conj           100%       1d8       1%          1
b - Searing Ray           Conj           100%       2d8       1%          2
c - Mephitic Cloud        Conj/Pois/Air  55%        N/A       1%          3
d - Iskenderun's Mystic   Conj/Tloc      60%        2d13      1%          4
e - Poisonous Vapours     Pois/Air       86%        N/A       1%          2
f - Freezing Cloud        Conj/Ice/Air   26%        6-21      6%          5
g - Foxfire               Conj/Fire      100%       2x1d9     1%          1
s - Swiftness             Air            42%        N/A       1%          3

Your spell library contained the following spells:

 Spells                   Type           Power      Damage    Failure   Level
 Apportation              Tloc           88%        N/A       1%          1
 Lesser Beckoning         Tloc           88%        N/A       1%          2
 Dazzling Flash           Conj/Hex       100%       N/A       1%          3
 Gell's Gravitas          Tloc           44%        N/A       1%          3
 Hailstorm                Conj/Ice       57%        3d12      1%          3
 Teleport Other           Tloc           44%        N/A       1%          3
 Ensorcelled Hibernation  Hex/Ice        52%        N/A       2%          2
 Ozocubu's Armour         Ice            37%        N/A       2%          3
 Necrotise                Necr           60%        1d7       3%          1
 Summon Small Mammal      Summ           60%        N/A       3%          1
 Volatile Blastmotes      Fire/Tloc      58%        2d14      3%          3
 Brom's Barrelling Bould  Conj/Erth      50%        2d7       3%          4
 Flame Wave               Conj/Fire      50%        2d12      3%          4
 Fulminant Prism          Conj/Hex       25%        3d14      3%          4
 Arcjolt                  Conj/Air       29%        1d39      3%          5
 Jinxbite                 Hex            30%        N/A       5%          2
 Passwall                 Tmut/Erth      12%        N/A       5%          2
 Call Canine Familiar     Summ           15%        N/A       11%         3
 Summon Guardian Golem    Hex/Summ       15%        N/A       11%         3
 Alistair's Intoxication  Tmut/Pois      19%        N/A       34%         5
 Borgnjor's Vile Clutch   Necr/Erth      7%         N/A       69%         5
 Eringya's Noxious Bog    Tmut/Pois      14%        4d6       89%         6
 Ozocubu's Refrigeration  Ice            18%        4d11      99%         7


Dungeon Overview and Level Annotations

Branches:
Dungeon (12/15)            Temple (1/1) D:7            Lair (5/5) D:9
  Swamp (0/4) Lair:3       Spider (0/4) Lair:3        Slime (0/5) Lair:5
    Orc (2/2) D:11            Elf (0/3) Orc:2         Sewer (visited)
 Bailey (visited)           IceCv (1/1)

Altars:
Ashenzari
Cheibriados
Dithmenos
Elyvilon
Fedhas
Gozag
Hepliaklqana
Kikubaaqudgha
Makhleb
Nemelex Xobeh
Okawaru
Qazlal
Ru
Sif Muna
Trog
Uskayaw
Vehumet
Wu Jian
Xom
Yredelemnul
Zin
The Shining One
Jiyva

Shops:
Orc:2 *[=(

Annotations:
IceCv exclusion: ice statue


Message History

The quicksilver ooze hits you.
The quicksilver ooze hits you but does no damage.
The quicksilver ooze hits you. x2
* * * LOW HITPOINT WARNING * * *
You feel your power leaking away.
Fire: P) +1 longbow (flame)
Press: ? - help, Q - select action, (/) - cycle Shift-Dir - straight line, f/p - quicksilver ooze
Aim: a quicksilver ooze (almost dead, 44% to hit)
You shoot an arrow. The arrow misses the quicksilver ooze.
* * * LOW HITPOINT WARNING * * *
Your lungs strain for air!
The quicksilver ooze hits you.
* * * LOW HITPOINT WARNING * * *
The quicksilver ooze hits you but does no damage.
The quicksilver ooze hits you.
The quicksilver ooze hits you but does no damage.
You feel much better.
* * * LOW HITPOINT WARNING * * *
Your lungs strain for air!
The quicksilver ooze hits you!!
* * * LOW HITPOINT WARNING * * *
The quicksilver ooze hits you but does no damage.
The quicksilver ooze hits you. The quicksilver ooze misses you.
Aiming: Mindburst
Press: ? - help, Shift-Dir - straight line, f - you, p - quicksilver ooze
Okay, then.
Unknown command.
Okay, then.
Unknown command.
You cannot read scrolls while unable to breathe!
You fade into invisibility!
* * * LOW HITPOINT WARNING * * *
Your lungs strain for air!
The quicksilver ooze closely misses you.
The quicksilver ooze hits you.
* * * LOW HITPOINT WARNING * * *
You feel your power leaking away.
You shoot an arrow.
The arrow closely misses the quicksilver ooze.
You die...

#.........####
...#####.....###
####...###.....###
##.......####....####
....##......###.....##
..########....##.....##
###....####....##.....#
# .............#.....#
.###....###.J@.....#
###... ###.....## ##§..
####### .v§.. .§Z.##
...### ####


You could see a quicksilver ooze.

Vanquished Creatures
  Rupert (Orc:2)
  Nessos (Lair:4)
  A dire elephant (Lair:2)
  2 vault guards (Bailey)
  Erolcha (Orc:1)
  Fannar (D:10)
  A merfolk avatar (Lair:5)
  3 hydras
  Erica (D:9)
  A boulder beetle (D:11)
  A two-headed ogre (D:11)
  Urug (Lair:4)
  A sea snake (Lair:5)
  Lodul (D:9)
  A skyshark (Lair:4)
  A fire crab (Lair:2)
  A goliath frog (Lair:3)
  2 orc knights
  Pikel (D:5)
  2 harpies (Lair:5)
  13 orc sorcerers
  A manticore (Lair:5)
  3 elephants
  2 torpor snails
  14 cane toads
  A gargoyle (D:10)
  10 black mambas
  2 rime drakes
  4 komodo dragons
  3 trolls
  3 red devils (D:11)
  3 hornets
  Prince Ribbit (Bailey)
  3 polar bears
  19 blink frogs
  4 dream sheep (Lair:3)
  The ghost of perezv8180 the Ruffian, an amateur GrFi (D:3)
  7 slime creatures
  A culicivora (Lair:3)
  8 humans (Bailey)
  5 wyverns
  27 yaks
  Sigmund (D:6)
  2 wraiths
  4 basilisks
  A redback (Lair:3)
  3 steam dragons
  3 vampire mosquitoes (D:11)
  4 wargs
  2 great orb of eyes simulacra (IceCv)
  20 water moccasins
  2 acid dragons
  A black bear (D:8)
  17 orc warriors
  3 sky beasts
  13 ogres
  27 wolves
  4 lemures (D:5)
  7 centaurs
  3 phantoms
  2 slime creature simulacra (IceCv)
  6 kobold brigands
  14 bullfrogs
  A scorpion (D:6)
  14 killer bees
  4 howler monkeys
  6 electric eels
  2 hounds
  11 orc priests
  A gnoll bouda (D:3)
  6 jellies
  A sleepcap (D:7)
  3 iguanas (D:6)
  31 orc wizards
  Natasha (thrice) (D:4)
  A shapeshifter simulacrum (IceCv)
  12 gnolls
  4 adders
  A shadow imp (D:4)
  3 white imps
  An ufetubus (D:7)
  5 worms
  2 dart slugs
  82 orcs
  13 endoplasms
  7 giant cockroaches
  10 hobgoblins
  6 jackals
  2 quokkas
  8 ball pythons
  6 bats
  5 frilled lizards
  16 goblins
  36 kobolds
  10 rats
612 creatures vanquished.

Vanquished Creatures (collateral kills)
  2 cane toads (Lair:2)
2 creatures vanquished.

Vanquished Creatures (others)
  A killer bee (D:10)
  42 foxfires (IceCv)
43 creatures vanquished.

Grand Total: 657 creatures vanquished

Notes
Turn   | Place    | Note
-------+----------+-------------------------------------------
     0 | D:1      | Lobster4 the Human Conjurer began the quest for the Orb.
     0 | D:1      | Reached XP level 1. HP: 13/13 MP: 3/3
   257 | D:1      | Reached XP level 2. HP: 15/19 MP: 0/5
   260 | D:1      | Learned a level 2 spell: Searing Ray
   453 | D:1      | Reached skill level 1 in Armour
   875 | D:1      | Reached XP level 3. HP: 24/24 MP: 4/6
  1432 | D:2      | Learned a level 3 spell: Mephitic Cloud
  1720 | D:2      | Reached XP level 4. HP: 30/30 MP: 1/7
  2756 | D:3      | Found a radiant altar of Vehumet.
  2912 | D:3      | Found a white marble altar of Elyvilon.
  2914 | D:3      | Found a blossoming altar of Fedhas.
  2945 | D:3      | Found a transporter.
  2945 | D:3      | Identified the ring "Putsuna" {rCorr Int+8}
  2963 | D:3      | Found a transporter.
  3231 | D:3      | Found an iron altar of Okawaru.
  3283 | D:3      | Reached skill level 1 in Air Magic
  3597 | D:3      | Reached XP level 5. HP: 36/36 MP: 1/9
  3784 | D:4      | Reached skill level 1 in Poison Magic
  3842 | D:4      | Reached skill level 1 in Fighting
  4112 | D:4      | Reached XP level 6. HP: 43/43 MP: 1/10
  4377 | D:4      | Noticed Natasha
  4381 | D:4      | Killed Natasha
  4953 | D:4      | Noticed Natasha
  4958 | D:4      | Killed Natasha
  5101 | D:4      | Reached skill level 5 in Conjurations
  5101 | D:4      | Reached XP level 7. HP: 50/50 MP: 6/11
  5283 | D:4      | Noticed Natasha
  5286 | D:4      | Killed Natasha
  5464 | D:5      | Entered Level 5 of the Dungeon
  5625 | D:5      | Noticed Pikel
  6896 | D:6      | Reached XP level 8. HP: 57/57 MP: 13/13
  6926 | D:6      | Found a glowing drain.
  6967 | Sewer    | Entered a sewer
  7343 | D:6      | Reached skill level 1 in Shapeshifting
  7774 | D:6      | Reached skill level 6 in Conjurations
  7774 | D:6      | Reached XP level 9. HP: 64/64 MP: 7/15
  7811 | D:6      | Noticed Sigmund
  7817 | D:6      | Killed Sigmund
  7818 | D:6      | Reached skill level 1 in Evocations
  8056 | D:6      | Learned a level 4 spell: Iskenderun's Mystic Blast
  8075 | D:7      | Found a staircase to the Ecumenical Temple.
  8095 | Temple   | Entered the Ecumenical Temple
  8105 | Temple   | Became a worshipper of Sif Muna the Loreminder
  8166 | D:7      | Identified the +2 mace "Qefilir" {holy, rN+}
  8242 | D:7      | Found a flagged portal.
  8257 | Bailey   | Entered a bailey
  8273 | Bailey   | Reached skill level 1 in Translocations
  8279 | Bailey   | Reached skill level 1 in Invocations
  8283 | Bailey   | Reached skill level 5 in Armour
  8283 | Bailey   | Reached skill level 5 in Spellcasting
  8296 | Bailey   | Reached XP level 10. HP: 36/73 MP: 11/17
  8438 | Bailey   | Reached * piety under Sif Muna
  8442 | Bailey   | Noticed Prince Ribbit
  8447 | Bailey   | Reached skill level 7 in Conjurations
  8453 | Bailey   | Reached skill level 5 in Fighting
  8454 | Bailey   | Noticed a vault guard
  8456 | Bailey   | Killed Prince Ribbit
  8483 | Bailey   | Killed a vault guard
  8554 | Bailey   | Noticed a vault guard
  8566 | Bailey   | Killed a vault guard
  8736 | D:7      | Learned a level 2 spell: Poisonous Vapours
  9113 | D:7      | Reached XP level 11. HP: 66/79 MP: 17/20
  9476 | D:8      | Reached ** piety under Sif Muna
 10270 | D:9      | Reached skill level 8 in Conjurations
 10309 | D:9      | Reached skill level 5 in Shapeshifting
 10533 | D:9      | Found an opulent altar of Gozag.
 10677 | D:9      | Found a staircase to the Lair.
 10750 | D:9      | Reached *** piety under Sif Muna
 10770 | D:9      | Noticed Erica
 10780 | D:9      | Killed Erica
 11041 | D:9      | Found a sparkling altar of Nemelex Xobeh.
 11190 | D:10     | Entered Level 10 of the Dungeon
 11241 | D:10     | Noticed Lodul
 11621 | D:10     | Noticed Fannar
 11706 | D:9      | Killed Lodul
 11707 | D:9      | Reached skill level 5 in Poison Magic
 11743 | D:10     | Found a snail-covered altar of Cheibriados.
 12065 | D:10     | Found a burning altar of Makhleb.
 12066 | D:10     | Noticed a cacodemon
 12129 | D:10     | Killed Fannar
 12130 | D:10     | Reached XP level 12. HP: 68/86 MP: 15/23
 12153 | D:10     | Reached skill level 5 in Translocations
 12982 | D:5      | Killed Pikel
 12983 | D:5      | Reached skill level 9 in Conjurations
 13281 | D:3      | Noticed perezv8180's ghost (amateur GrFi)
 13390 | D:3      | Killed perezv8180's ghost
 13664 | D:13     | Identified the of Pempagh
 13664 | D:13     | Identified the "Wamoumuth"
 13664 | D:14     | Identified the "Sozol"
 13664 | D:14     | Identified the "Plog"
 13664 | D:14     | Identified the "Keoraf"
 13664 | Lair:1   | Entered Level 1 of the Lair of Beasts
 13764 | Lair:1   | Reached skill level 1 in Throwing
 13802 | Lair:1   | Reached **** piety under Sif Muna
 15281 | Lair:2   | Noticed a five-headed hydra
 15290 | Lair:2   | Killed a five-headed hydra
 15577 | Lair:2   | Reached skill level 10 in Conjurations
 15675 | Lair:2   | Reached XP level 13. HP: 81/91 MP: 14/25
 16251 | Lair:2   | Noticed a four-headed hydra
 16318 | Lair:2   | Killed a four-headed hydra
 16512 | Lair:2   | Noticed a dire elephant
 16603 | Lair:2   | Killed a dire elephant
 17048 | Lair:2   | Reached skill level 10 in Armour
 17618 | Lair:3   | Found a hole to the Spider Nest.
 17909 | Lair:3   | Reached ***** piety under Sif Muna
 17913 | Lair:3   | Reached skill level 11 in Conjurations
 18226 | Lair:3   | Found a staircase to the Swamp.
 18295 | Lair:3   | Noticed an eight-headed hydra
 18313 | Lair:3   | Killed an eight-headed hydra
 18744 | Lair:3   | Reached XP level 14. HP: 94/98 MP: 4/27
 19302 | Lair:4   | Noticed Urug
 19326 | Lair:4   | Killed Urug
 19345 | Lair:4   | Noticed Nessos
 19358 | Lair:4   | Killed Nessos
 20375 | Lair:4   | Learned a level 5 spell: Freezing Cloud
 20404 | Lair:5   | Entered Level 5 of the Lair of Beasts
 20472 | Lair:5   | Reached skill level 1 in Ranged Weapons
 20472 | Lair:5   | Reached skill level 5 in Invocations
 20475 | Lair:5   | Reached skill level 10 in Spellcasting
 20757 | Lair:5   | Reached skill level 1 in Ice Magic
 21085 | Lair:5   | Received a gift from Sif Muna
 21270 | Lair:5   | Found a viscous altar of Jiyva.
 21270 | Lair:5   | Found a staircase to the Slime Pits.
 21552 | Lair:5   | Reached skill level 5 in Dodging
 22054 | D:11     | Found a staircase to the Orcish Mines.
 22932 | Orc:1    | Entered Level 1 of the Orcish Mines
 23449 | Orc:2    | Entered Level 2 of the Orcish Mines
 23615 | Orc:2    | Reached XP level 15. HP: 99/107 MP: 19/29
 23632 | Orc:2    | Identified the of Hej Gew (Sif Muna gifted it to you on
                  | level 2 of the Orcish Mines)
 23632 | Orc:2    | Received a gift from Sif Muna
 23639 | Orc:2    | Learned a level 3 spell: Swiftness
 24219 | Orc:2    | Found Yroze's Assorted Antiques.
 24219 | Orc:2    | Found Dullot's Antique Armour Boutique.
 24399 | Orc:2    | Noticed Rupert
 24418 | Orc:2    | Killed Rupert
 24419 | Orc:2    | Reached skill level 12 in Conjurations
 24458 | Orc:2    | Found a staircase to the Elven Halls.
 24481 | Orc:2    | Found Ylaro's Jewellery Shoppe.
 24481 | Orc:2    | Found Irhicidi's Weapon Boutique.
 24828 | Orc:1    | Noticed Erolcha
 24834 | Orc:1    | Killed Erolcha
 25182 | D:12     | Found a frozen archway.
 25193 | IceCv    | Entered an ice cave
 25205 | IceCv    | Learned a level 1 spell: Foxfire
 25553 | IceCv    | Noticed a quicksilver ooze
 25570 | IceCv    | HP: 3/108 [drowned by a quicksilver ooze (8)]
 25571 | IceCv    | Drowned by a quicksilver ooze

Illustrated notes

Levels and vault maps discovered:
D:1:      scummos_arrival_hexagon, layout_basic
D:2:      layout_loops_corners, chequers_serial_rivers_micro_e,
          minmay_fractal_squares_5
D:3:      layout_basic, mainiacjoe_overflow_paths, fiery_altar_vehumet,
          chequers_temple_overflow_statue_of_worship,
          gammafunk_ghost_gnarly_gnolls
D:4:      layout_loops_cross, uniq_natasha
D:5:      layout_basic, uniq_pikel
D:6:      layout_basic, mainiacjoe_sewer_entry_somewhere_in_here_1, uniq_sigmund
D:7:      layout_loops_cross, minmay_temple_entry_mist, enter_bailey_3,
          st_stairs_4
D:8:      layout_loops_ring
D:9:      layout_basic, nicolae_gozag_cash_rules_everything_around_me,
          nemelex_diamond_rough_becter, lair_entry_dummy, nrook_mini_vaults,
          uniq_erica
D:10:     layout_rooms, kennysheep_mini_moat, makhleb_altar_promises_db,
          uniq_fannar, uniq_lodul
D:11:     layout_irregular_city, david_orc_3,
          einodemon_armed_red_devil_minivault
D:12:     layout_roguey, portal_ice_cave_entry_pillars_1
Temple:   eino_temple_water
Lair:1:   layout_cave_pods, grunt_megastairs_5, infiniplex_staircase_pool
Lair:2:   layout_loops_ring, nicolae_lair_lakeside_cave, serial_bayou_shore_a
Lair:3:   layout_roguey, mainiacjoe_swamp_entry_lozenge_pond,
          spider_nest_entry_rubble
Lair:4:   layout_loops_ring, serial_bayou, serial_bayou_ford_a,
          serial_bayou_lagoon_b, serial_bayou_pond_d, serial_bayou_pond_b,
          nicolae_quartered_pool_super, uniq_urug, uniq_nessos
Lair:5:   gammafunk_lair_ancient_temple, layout_big_grid,
          nicolae_slime_entry_slimehenge
Orc:1:    layout_diamond_mine, serial_shops, shop, uniq_erolcha
Orc:2:    st_orc_town, layout_caves, uniq_rupert
IceCv:    ice_cave_hellmonk_azure_passage

Skill      XL: |  1  2  3  4  5  6  7  8  9 10 11 12 13 14 15 |
---------------+----------------------------------------------+-----
Armour         | 1 2 3 4 5 6 7 9 10 | 10.1
Air Magic      | 1 2 3 4 |  4.6
Poison Magic   | 1 2 3 5 |  5.0
Fighting       | 1 2 3 4 5 6 7 |  7.3
Spellcasting   | 3 4 5 6 7 8 9 10 | 10.6
Conjurations   | 5 6 7 8 10 11 12 | 12.1
Dodging        | 3 5 |  5.0
Shapeshifting  | 1 3 4 5 7 8 9 |  9.5
Evocations     | 2 3 |  3.0
Translocations | 2 4 5 |  5.0
Invocations    | 2 3 4 6 |  6.5
Throwing       | 2 |  2.0
Ranged Weapons | 3 4 |  4.1
Ice Magic      | 2 3 |  3.7
Stealth        | |  2.0

Action                     |  1- 3 |  4- 6 |  7- 9 | 10-12 | 13-15 || total
---------------------------+-------+-------+-------+-------+-------++-------
  Melee: Unarmed           |    15 |       |       |       |       ||    15
         Short sword       |     4 |       |       |       |       ||     4
         Dagger            |    12 |     8 |    50 |    97 |    30 ||   197
         Punch             |       |       |       |     4 |       ||     4
   Fire: Longbow           |       |       |       |       |   141 ||   141
  Throw: Dart              |       |       |       |     4 |    10 ||    14
   Cast: Magic Dart        |    80 |    97 |    72 |    82 |   160 ||   491
         Searing Ray       |     2 |    19 |    45 |   127 |   151 ||   344
         Mephitic Cloud    |       |       |     8 |    44 |    20 ||    72
         Poisonous Vapours |       |       |       |    59 |   184 ||   243
         Iskenderun's Myst |       |       |       |    22 |   159 ||   181
         Freezing Cloud    |       |       |       |       |     9 ||     9
         Foxfire           |       |       |       |       |    28 ||    28
  Evoke: Wand              |       |       |     2 |    14 |    22 ||    38
    Use: Scroll            |       |     5 |    14 |    10 |     9 ||    38
         Potion            |       |       |     1 |     4 |     6 ||    11
   Stab: Sleeping          |       |     1 |       |       |       ||     1
         Paralysed         |       |       |     2 |    19 |     7 ||    28
         Confused          |       |       |     2 |     9 |     2 ||    13
 Armour: Robe              |    18 |    14 |     1 |    80 |   186 ||   299
         Leather armour    |       |       |    85 |   134 |       ||   219
         Skin              |       |       |       |     8 |       ||     8
         Steam dragon scal |       |       |       |       |   129 ||   129
  Dodge: Dodged            |    28 |    17 |    75 |   181 |   186 ||   487
  Block: Other             |       |     3 |     3 |       |       ||     6

Table legend: (Time is in decaauts)
 A = Elapsed time spent in this place.
 B = Non-inter-level travel time spent in this place.
 C = Inter-level travel time spent in this place.
 D = Time resting spent in this place.
 E = Time spent auto-exploring this place.
 F = Levels seen in this place.
 G = Mean time per level.
                   A        B        C        D        E       F      G
               +--------+--------+--------+--------+--------+-----+--------+
         Total |  25868 |  24202 |   1666 |   5321 |  13518 |  23 | 1124.7 |
       Dungeon |  14441 |  13280 |   1161 |   2803 |   7946 |  12 | 1203.4 |
        Temple |     20 |     20 |      0 |      0 |      0 |   1 |   20.0 |
          Lair |   8193 |   7815 |    378 |   1920 |   4142 |   5 | 1638.6 |
  Orcish Mines |   2106 |   1980 |    126 |    319 |   1053 |   2 | 1053.0 |
         Sewer |    288 |    288 |      0 |      0 |    168 |   1 |  288.0 |
        Bailey |    437 |    437 |      0 |    179 |    105 |   1 |  437.0 |
      Ice Cave |    381 |    381 |      0 |    100 |    102 |   1 |  381.0 |
               +--------+--------+--------+--------+--------+-----+--------+

Top non-repeatable levels by time:
  Lair:2: 2466 daAuts
     D:9: 2024 daAuts
     D:4: 1779 daAuts
     D:5: 1708 daAuts
  Lair:3: 1689 daAuts
  Lair:4: 1667 daAuts
     D:2: 1598 daAuts
     D:3: 1498 daAuts
   Orc:2: 1378 daAuts
  Lair:5: 1189 daAuts
  Lair:1: 1181 daAuts
    D:10: 1039 daAuts
     D:1: 997 daAuts
    D:11: 975 daAuts
     D:7: 967 daAuts
